 Dungeon Crawl Stone Soup version 0.31.0-4-g52a2dc7128 (webtiles) character file.

Game seed: 14051402665599088025

117501 petercordia the Brawler (level 16, -1/165 HPs)
             Began as a Troll Fighter on Jan 21, 2024.
             Was the Champion of Wu Jian.
             Killed from afar by a naga warrior (22 damage)
             ... with a splash of poison
             ... on level 1 of the Snake Pit.
             The game lasted 01:19:20 (20212 turns).

petercordia the Brawler (Troll Fighter)            Turns: 20212, Time: 01:19:21

Health: -1/165     AC: 16    Str: 28    XL:     16   Next: 23%
Magic:  15/15      EV: 14    Int:  4    God:    Wu Jian [******]
Gold:   472        SH: 14    Dex: 13    Spells: 15/15 levels left

rFire   . .          .
                       - Unarmed
rCold   + + .        b - +2 kite shield
rNeg    . . .        q - +0 steam dragon scales of Ewkon {+Blink rC++ Regen+ Dex-2}
rPois   .            H - +2 hat
rElec   .            r - +0 cloak
rCorr   .            (gloves unavailable)
SInv    .            (boots unavailable)
Will    ++...        O - amulet of regeneration
Stlth   +            p - +4 ring of protection
HPRegen 2.87/turn    S - ring of willpower
MPRegen 0.14/turn

%: no passive effects
@: lethally poisoned (-1 -> -9)
A: large, unfitting armour, claws 3, regeneration 1, shaggy fur 1, tough skin 1,
iridescent scales 1, noise suppression
a: Renounce Religion, Evoke Blink, Wall Jump, Serpent's Lash, Heavenly Storm


You were on level 1 of the Snake Pit.
You worshipped Wu Jian.
Wu Jian was exalted by your worship.
You visited 5 branches of the dungeon, and saw 24 of its levels.
You also visited: Ice Cave.

You collected 2675 gold pieces.
You spent 2203 gold pieces at shops.

Inventory:

Missiles
 a - 8 curare-tipped darts
 e - 4 atropa-tipped darts
 j - 24 poisoned darts
 m - a throwing net
 K - 21 boomerangs (quivered)
 P - 6 datura-tipped darts
Armour
 b - a +2 kite shield (worn)
 q - the +0 steam dragon scales of Ewkon (worn) {+Blink rC++ Regen+ Dex-2}
   (You bought it in a shop on level 2 of the Orcish Mines)

   Dex-2:     It affects your dexterity (-2).
   rC++:      It greatly protects you from cold.
   +Blink:    It lets you blink.
   Regen+:    It increases your rate of health regeneration.
 r - a +0 cloak (worn)
 H - a +2 hat (worn)
 M - +0 acid dragon scales
Jewellery
 h - an amulet of reflection
 p - a +4 ring of protection (left claw)
 x - a +6 ring of strength
 A - a ring of protection from fire
 B - a +5 ring of evasion
 J - a ring of flight
 O - an amulet of regeneration (around neck)
 S - a ring of willpower (right claw)
Wands
 g - a wand of polymorph (13)
 i - a wand of flame (13)
 E - a wand of mindburst (4)
 R - a wand of charming (24)
 W - a wand of acid (11)
 Z - a wand of iceblast (3)
Scrolls
 d - 2 scrolls of immolation
 f - 7 scrolls of teleportation
 k - 3 scrolls of fear
 t - 2 scrolls of blinking
 u - 2 scrolls of butterflies
 w - 2 scrolls of noise
 y - 4 scrolls of fog
 z - 4 scrolls of poison
 D - 3 scrolls of enchant armour
 I - 6 scrolls of revelation
Potions
 c - 5 potions of might
 n - 2 potions of attraction
 s - 2 potions of mutation
 v - a potion of cancellation
 C - 3 potions of lignification
 F - 2 potions of ambrosia
 G - 5 potions of curing
 L - 3 potions of enlightenment
 N - a potion of magic {unknown}
 Q - 2 potions of haste {unknown}
 T - 6 potions of heal wounds {unknown}
 U - a potion of degeneration {unknown}
 X - a potion of resistance {unknown}
 Y - 2 potions of invisibility
Miscellaneous
 l - a phantom mirror
 o - a phial of floods
 V - a box of beasts


   Skills:
 + Level 11.6 Fighting
 + Level 11.7 Dodging
 + Level 0.1 Stealth
 + Level 12.7 Shields
 * Level 18.6 Unarmed Combat
 + Level 2.4 Evocations


You had 15 spell levels left.
You didn't know any spells.
Your spell library contained the following spells:

 Spells                   Type           Power      Damage    Failure   Level
 Shock                    Conj/Air       0%         1d3       65%         1
 Cigotuvi's Dreadful Rot  Necr/Alch/Air  0%         N/A       78%         2
 Lesser Beckoning         Tloc           0%         N/A       78%         2
 Gell's Gravitas          Tloc           0%         N/A       95%         3
 Swiftness                Air            0%         N/A       95%         3
 Teleport Other           Tloc           0%         N/A       95%         3
 Tukima's Dance           Hex            0%         N/A       95%         3
 Airstrike                Air            0%         2d(0-16)  100%        4
 Brom's Barrelling Bould  Conj/Erth      0%         2d3       100%        4
 Ignite Poison            Fire/Alch      0%         N/A       100%        4
 Passage of Golubria      Tloc           0%         N/A       100%        4
 Fireball                 Conj/Fire      0%         3d3       100%        5
 Freezing Cloud           Conj/Ice/Air   0%         6-21      100%        5
 Iskenderun's Battlesphe  Conj           0%         2d6       100%        5
 Yara's Violent Unravell  Hex/Alch       0%         3d3       100%        5
 Conjure Ball Lightning   Conj/Air       0%         3x3d6     100%        6
 Orb of Destruction       Conj           0%         9d5       100%        7


Dungeon Overview and Level Annotations

Branches:
Dungeon (15/15)            Temple (1/1) D:6            Lair (5/5) D:11
 Shoals (0/4) Lair:3        Snake (1/4) Lair:2        Slime (0/5) Lair:4
    Orc (2/2) D:12            Elf (0/3) Orc:2        Vaults (0/5) D:14
 Depths (0/4) D:15          IceCv (visited)

Altars:
Ashenzari
Cheibriados
Dithmenos
Elyvilon
Fedhas
Gozag
Hepliaklqana
Kikubaaqudgha
Makhleb
Nemelex Xobeh
Okawaru
Qazlal
Ru
Sif Muna
Trog
Uskayaw
Vehumet
Wu Jian
Xom
Yredelemnul
Zin
The Shining One
Jiyva
Lugonu

Shops:
D:2 :   D:6 [*   D:8 *   D:9 *   D:10 [   Orc:2 ?*!(   Snake:1 :

Portals:
Trove: D:14 (give 18 potions of curing)


Innate Abilities, Weirdness & Mutations

You are too large for most types of armour.
You have claws for hands.
Your natural rate of healing is unusually fast.
You are covered in fur. (AC +1)
You have tough skin. (AC +1)
You are partially covered in iridescent scales. (AC +2)
You passively dampen the noise of your surroundings.


Message History

The naga warrior hits you with a +0 long sword!!!
The naga warrior's grasp on you weakens, but your attempt to escape fails.
The naga warrior spits poison at you. The splash of poison hits you!
You are poisoned.
The naga warrior constricts you. The naga warrior spits poison at you.
The splash of poison hits you!!
You are more poisoned.
Unknown command.
You escape the naga warrior's grasp.
You spin and attack the naga warrior repeatedly.
You barely miss the naga warrior.
The naga warrior is almost dead.
You mangle the naga warrior!!
You kill the naga warrior!
The Council accepts your kill.
You feel extremely sick. The naga warrior blocks your attack.
You feel very sick. The naga warrior blocks your attack.
You feel very sick.
The naga warrior hits you with a +0 long sword!
* * * LOW HITPOINT WARNING * * *
You block the naga warrior's attack.
Unknown command.
The naga warrior blocks your attack.
You feel very sick. The naga warrior blocks your attack.
You feel very sick.
The naga warrior hits you with a +0 long sword!!
* * * LOW HITPOINT WARNING * * *
You block the naga warrior's attack.
Unknown command.
You feel very sick.
You feel very sick. The naga warrior spits poison at you.
The splash of poison hits you!!
You are more poisoned.
You die...

#.........#
#################.........#
#.......#.........#'#####..
..................#.....'..
..................#.###.#..
#.......$.........#.# #.#..
##.......N........'.# #.#..
##..............##.# #.#..
##......@.....###'# #.#..
###'##............##.###
#..'............#.....
#.##............#..### #
#............#
#............'.
##...........##
#############


You could see a naga warrior (strong, catching breath).

Vanquished Creatures
  Rupert (Lair:4)
  Asterion (Snake:1)
  Gastronok (Lair:3)
  Kirke (D:12)
  Josephine (D:12)
  A rakshasa (D:15)
  Erolcha (D:11)
  2 hydras
  An ice dragon (IceCv)
  2 vault guards (D:14)
  4 catoblepae
  3 anacondas (Snake:1)
  2 death knights
  3 centaur warriors
  2 naga warriors (Snake:1)
  3 boulder beetles
  3 two-headed ogres
  An orc high priest (Orc:2)
  A tengu warrior (D:15)
  22 death yaks
  An occultist (D:15)
  A naga sharpshooter (Snake:1)
  A shock serpent (Snake:1)
  5 skeletal warriors
  A sixfirhy (D:13)
  3 skysharks
  An arcanist (D:14)
  4 orc knights
  A mana viper (Snake:1)
  A phantasmal warrior (D:14)
  A deep elf pyromancer (D:12)
  3 necromancers
  An orc sorcerer (Orc:2)
  8 ugly things (D:15)
  A wolf spider zombie (D:15)
  2 deep elf zephyrmancers (D:15)
  A salamander (Snake:1)
  An oklob plant (Lair:5)
  5 cyclopes
  17 elephants
  2 kobold blastminers (Orc:2)
  4 manticores
  A centaur zombie (D:15)
  2 ice statues (IceCv)
  A naga mage (Snake:1)
  5 black mambas
  A water nymph (Lair:3)
  A gargoyle (D:11)
  An orange demon (D:13)
  A torpor snail (Lair:3)
  2 centaur skeletons (D:15)
  11 cane toads
  11 komodo dragons
  2 unseen horrors
  3 efreet
  6 rime drakes
  2 freezing wraiths
  2 yaktaurs (D:14)
  A tengu conjurer (D:15)
  A red devil (D:13)
  7 trolls
  A polar bear (Lair:3)
  2 hellwings (D:13)
  A hornet (D:10)
  37 blink frogs
  Sigmund (D:2)
  24 slime creatures
  2 shadows
  2 wyverns
  2 hogs (D:12)
  9 basilisks
  2 vampires
  57 yaks
  3 steam dragons
  10 wraiths
  18 humans
  2 neqoxecs (D:13)
  Edmund (D:4)
  Menkaure (D:6)
  6 vampire mosquitoes
  3 nagas
  2 acid dragons
  13 water moccasins
  30 orc warriors
  2 ice beasts
  2 black bears (D:5)
  2 sky beasts (D:8)
  7 ogres
  11 wolves (Lair:1)
  9 centaurs
  A phantom (D:6)
  14 bullfrogs
  2 gnoll sergeants
  2 scorpions (D:6)
  4 wights (D:7)
  2 lindwurm simulacra (IceCv)
  An electric eel (Lair:4)
  A howler monkey (D:7)
  5 komodo dragon simulacra (IceCv)
  2 bombardier beetles
  5 hounds
  15 jellies
  12 orc priests
  A gnoll bouda (D:4)
  2 sleepcaps
  Crazy Yiuf (D:2)
  Jessica (D:2)
  Natasha (thrice) (D:2)
  2 iguanas
  12 orc wizards
  4 hell rats (Lair:5)
  6 mutant beasts (D:7)
  20 gnolls
  5 acid dragon simulacra (IceCv)
  3 adders
  A shadow imp (D:6)
  14 white imps
  6 ufetubi
  9 steam dragon simulacra (IceCv)
  6 dart slugs
  A ribbon worm (D:5)
  63 orcs
  5 bats
  11 endoplasms
  2 giant cockroaches (D:1)
  17 hobgoblins
  3 jackals (D:1)
  7 kobolds
  A quokka (D:3)
  5 ball pythons
  3 frilled lizards
  12 goblins
  6 rats
  A spectral weapon (Snake:1)
743 creatures vanquished.

Vanquished Creatures (others)
  4 humans (D:12)
  An orc wizard (D:12)
5 creatures vanquished.

Grand Total: 748 creatures vanquished

Notes
Turn   | Place    | Note
-------+----------+-------------------------------------------
     0 | D:1      | petercordia the Troll Fighter began the quest for the Orb.
     0 | D:1      | Reached XP level 1. HP: 22/22 MP: 0/0
    44 | D:1      | Reached XP level 2. HP: 22/29 MP: 1/1
   293 | D:1      | Found a faded altar of an unknown god.
   338 | D:1      | Reached XP level 3. HP: 36/36 MP: 2/2
   468 | D:2      | Noticed Natasha
   468 | D:2      | Noticed Jessica
   474 | D:2      | Killed Natasha
   475 | D:2      | Reached skill level 3 in Unarmed Combat
   478 | D:2      | Noticed Natasha
   479 | D:2      | Killed Jessica
   480 | D:2      | Reached XP level 4. HP: 40/44 MP: 3/3
   487 | D:2      | Killed Natasha
   494 | D:2      | Noticed Natasha
   505 | D:2      | Killed Natasha
   506 | D:2      | Reached XP level 5. HP: 31/53 MP: 4/4
   600 | D:2      | Found Weisue Wuqe's Book Shoppe.
   865 | D:2      | Noticed Sigmund
   891 | D:2      | Killed Sigmund
   892 | D:2      | Reached skill level 4 in Unarmed Combat
   892 | D:2      | Reached XP level 6. HP: 40/61 MP: 5/5
   913 | D:2      | You fall into a shaft and drop 1 floor!
   922 | D:3      | Noticed an ice beast
   933 | D:3      | Killed an ice beast
  1253 | D:2      | Found a runed translucent door.
  1254 | D:2      | Noticed Crazy Yiuf
  1258 | D:2      | Killed Crazy Yiuf
  1743 | D:4      | Noticed Edmund
  1755 | D:4      | Killed Edmund
  1756 | D:4      | Reached skill level 5 in Unarmed Combat
  1756 | D:4      | Reached XP level 7. HP: 64/68 MP: 6/6
  2620 | D:5      | Entered Level 5 of the Dungeon
  2627 | D:5      | Reached skill level 6 in Unarmed Combat
  2627 | D:5      | Reached XP level 8. HP: 78/78 MP: 7/7
  2701 | D:5      | Found an iron altar of Okawaru.
  3004 | D:5      | Reached skill level 5 in Shields
  3039 | D:5      | Reached skill level 7 in Unarmed Combat
  3431 | D:6      | Found Ea-nāṣir's Fine Metal Goods.
  3629 | D:6      | Reached skill level 5 in Fighting
  3629 | D:6      | Reached skill level 5 in Dodging
  3629 | D:6      | Reached XP level 9. HP: 84/88 MP: 8/8
  3714 | D:6      | Noticed Menkaure
  3723 | D:6      | Killed Menkaure
  3733 | D:6      | Found a staircase to the Ecumenical Temple.
  3741 | Temple   | Entered the Ecumenical Temple
  3754 | Temple   | Became a worshipper of the Wu Jian Council
  3833 | D:6      | Found Alaribuff's Antique Armour Shoppe.
  3841 | D:6      | Bought a glowing hat for 147 gold pieces
  3921 | D:6      | Reached skill level 8 in Unarmed Combat
  4165 | D:7      | Noticed a komodo dragon
  4346 | D:7      | Noticed a juvenile shocksting beast
  4357 | D:7      | HP: 3/88 [larval shockox beast/living lightning (12)]
  4527 | D:8      | Reached skill level 9 in Unarmed Combat
  4544 | D:8      | Reached XP level 10. HP: 86/98 MP: 9/9
  4644 | D:8      | Found Zaps's Elemental Accessories.
  4652 | D:8      | Bought a wand of flame (3) for 21 gold pieces
  4689 | D:8      | Reached * piety under Wu Jian
  5054 | D:9      | Reached skill level 10 in Unarmed Combat
  5124 | D:9      | Noticed a two-headed ogre
  5157 | D:9      | Found Iketais's General Store.
  5209 | D:9      | Found a shadowy altar of Dithmenos.
  5210 | D:9      | Reached ** piety under Wu Jian
  5255 | D:9      | Killed a two-headed ogre
  5304 | D:9      | Bought a scroll of vulnerability for 60 gold pieces
  5304 | D:9      | Bought a potion of curing for 45 gold pieces
  5304 | D:9      | Bought a scroll of teleportation for 45 gold pieces
  5304 | D:9      | Bought 6 datura-tipped darts for 81 gold pieces
  5368 | D:9      | Reached skill level 11 in Unarmed Combat
  5517 | D:9      | Noticed a centaur warrior
  5528 | D:9      | Killed a centaur warrior
  5529 | D:9      | Reached XP level 11. HP: 90/107 MP: 10/10
  5703 | D:10     | Entered Level 10 of the Dungeon
  5717 | D:10     | Found a white marble altar of Elyvilon.
  5717 | D:10     | Found an opulent altar of Gozag.
  5717 | D:10     | Found a basalt altar of Yredelemnul.
  5720 | D:10     | Found Cesusel's Antique Armour Shop.
  5997 | D:10     | Found a burning altar of Makhleb.
  7955 | D:7      | Found a broken altar of Ashenzari.
  7958 | D:7      | Found a hide-covered altar of Uskayaw.
  7968 | D:7      | Killed a juvenile shocksting beast
  8128 | D:7      | Found a glowing silver altar of Zin.
  8135 | D:7      | Reached skill level 12 in Unarmed Combat
  8143 | D:7      | Found a radiant altar of Vehumet.
  8144 | D:7      | Found a sacrificial altar of Ru.
  8144 | D:7      | Found a blossoming altar of Fedhas.
  8144 | D:7      | Found a stormy altar of Qazlal.
  8145 | D:7      | Found an ancient bone altar of Kikubaaqudgha.
  8322 | D:11     | Reached *** piety under Wu Jian
  8384 | D:11     | Noticed Erolcha
  8391 | D:11     | Killed Erolcha
  8698 | D:11     | Found a staircase to the Lair.
  8777 | D:11     | Noticed a two-headed ogre
  8782 | D:11     | Reached XP level 12. HP: 119/119 MP: 11/11
  8797 | D:11     | Killed a two-headed ogre
  9105 | D:12     | Noticed a two-headed ogre
  9133 | D:12     | Killed a two-headed ogre
  9188 | D:12     | Noticed Kirke
  9189 | D:12     | Noticed Josephine
  9203 | D:12     | Reached skill level 13 in Unarmed Combat
  9214 | D:12     | Killed Kirke
  9256 | D:12     | Found a staircase to the Orcish Mines.
  9293 | D:12     | Killed Josephine
  9320 | D:12     | Reached **** piety under Wu Jian
  9959 | Lair:1   | Entered Level 1 of the Lair of Beasts
  9977 | Lair:1   | Reached skill level 14 in Unarmed Combat
 10288 | Lair:1   | Reached XP level 13. HP: 130/130 MP: 12/12
 10865 | Lair:2   | Found a staircase to the Snake Pit.
 11034 | Lair:2   | Reached ***** piety under Wu Jian
 11039 | Lair:2   | Reached skill level 10 in Shields
 11810 | Lair:3   | Found a staircase to the Shoals.
 11857 | Lair:3   | Reached skill level 15 in Unarmed Combat
 12120 | Lair:3   | Noticed Gastronok
 12143 | Lair:3   | Killed Gastronok
 12719 | Lair:4   | Noticed Rupert
 12734 | Lair:4   | Killed Rupert
 12795 | Lair:4   | Reached XP level 14. HP: 113/141 MP: 13/13
 12871 | Lair:4   | Found a staircase to the Slime Pits.
 12874 | Lair:4   | Found a viscous altar of Jiyva.
 13213 | Lair:4   | Reached skill level 10 in Dodging
 13476 | Lair:5   | Entered Level 5 of the Lair of Beasts
 13480 | Lair:5   | Reached skill level 10 in Fighting
 13485 | Lair:5   | Reached skill level 16 in Unarmed Combat
 13594 | Lair:5   | Reached ****** piety under Wu Jian
 14181 | Lair:5   | Reached skill level 17 in Unarmed Combat
 14226 | Lair:5   | Reached XP level 15. HP: 104/152 MP: 14/14
 14279 | Lair:5   | Found an iron altar of Okawaru.
 14929 | D:13     | Found a frozen archway.
 14965 | IceCv    | Entered an ice cave
 15600 | D:13     | Gained mutation: You have hidden genetic defects. [a
                  | neqoxec]
 16532 | D:14     | Found a portal to a secret trove of treasure.
 16727 | D:14     | Gained mutation: Your health recovers twice as slowly from
                  | being drained. [hidden defects]
 16728 | D:14     | Lost mutation: You have hidden genetic defects. [potion of
                  | mutation]
 16728 | D:14     | Lost mutation: Your health recovers twice as slowly from
                  | being drained. [potion of mutation]
 16728 | D:14     | Gained mutation: You are partially covered in iridescent
                  | scales. (AC +2) [potion of mutation]
 16728 | D:14     | Gained mutation: You passively dampen the noise of your
                  | surroundings. [potion of mutation]
 16786 | D:14     | Found a gate to the Vaults.
 16889 | Orc:1    | Entered Level 1 of the Orcish Mines
 16889 | Orc:1    | Found a burning altar of Makhleb.
 17085 | Orc:2    | Entered Level 2 of the Orcish Mines
 17088 | Orc:2    | Found a staircase to the Elven Halls.
 17429 | Orc:2    | Reached skill level 18 in Unarmed Combat
 17644 | Orc:2    | Found Ephud's Distillery.
 17644 | Orc:2    | Found Keak's Assorted Antiques.
 17647 | Orc:2    | Found Jaipo's Magic Scroll Shop.
 17649 | Orc:2    | Found Ruteav's Weapon Shoppe.
 17657 | Orc:2    | Bought a potion of invisibility for 112 gold pieces
 17662 | Orc:2    | Bought jewelled steam dragon scales for 1620 gold pieces
 17662 | Orc:2    | Identified the +0 steam dragon scales of Ewkon {+Blink rC++
                  | Regen+ Dex-2} (You bought it in a shop on level 2 of the
                  | Orcish Mines)
 18150 | Orc:2    | Bought a scroll of teleportation for 30 gold pieces
 18153 | Orc:2    | Bought a potion of curing for 42 gold pieces
 18237 | D:15     | Entered Level 15 of the Dungeon
 18257 | D:15     | Reached skill level 1 in Evocations
 18280 | D:15     | Found a stormy altar of Qazlal.
 18921 | D:15     | Reached XP level 16. HP: 163/163 MP: 15/15
 19205 | D:15     | Found a staircase to the Depths.
 19478 | Snake:1  | Entered Level 1 of the Snake Pit
 19656 | Snake:1  | Noticed Asterion
 19699 | Snake:1  | Killed Asterion
 20127 | Snake:1  | Found Aphocong's Book Shop.
 20212 | Snake:1  | Killed from afar by a naga warrior

Illustrated notes

Levels and vault maps discovered:
D:1:      scummos_arrival_hexagon, layout_rooms,
          hellmonk_ecumenical_altar_leap_of_faith
D:2:      cheibrodos_greedy_goblins, layout_rooms, serial_shops,
          nicolae_book_shop_shelving, serial_bayou_lagoon_b, uniq_sigmund,
          uniq_natasha, uniq_crazy_yiuf_cottage, uniq_jessica
D:3:      layout_rooms, amcnicky_mini_pool_small
D:4:      layout_layer_cave, uniq_edmund
D:5:      minmay_skewed_foursquare, layout_rooms, okawaru_metal_pillars_1_2,
          minmay_misc_feat_nine_boxes
D:6:      layout_basic, minmay_temple_entry_tees, serial_shops, shop,
          nicolae_ea-nasir_strikes_again, uniq_menkaure
D:7:      layout_basic, grunt_temple_overflow_open, nicolae_beast_mode
D:8:      layout_basic, nicolae_elemental_shop, hangedman_decor_lopped
D:9:      layout_cave_pools, mainiacjoe_overflow_tiny_flanked, serial_shops,
          nicolae_shop_tiny_glass
D:10:     layout_irregular_city, old_standard_altar,
          gammafunk_temple_overflow_forgotten, serial_shops,
          nicolae_shop_overgrown_old_shop, lemuel_flame_loot_1
D:11:     layout_basic, grunt_lair_entry_orc_guard_hut, uniq_erolcha
D:12:     layout_loops_ring, erik_orc_4, uniq_kirke, uniq_josephine
D:13:     layout_big_octagon, portal_ice_cave_entry_imps, serial_demonic,
          serial_demonic_c, serial_demonic_g, serial_demonic_e, serial_demonic_g
D:14:     layout_rooms, grunt_vaults_entry_tiered, serial_park_gazebo
          [serial_park_minivault_5x5_4], enter_trove_2
D:15:     grunt_enter_depths_magical_seal, layout_gridville,
          nicolae_qazlal_general_emergency
Temple:   corrupted_temple
Lair:1:   layout_regular_city, grunt_megastairs_4
Lair:2:   layout_cave_pods, guppyfry_snake_entry_island, grunt_megastairs_5,
          serial_bayou_shore_b
Lair:3:   layout_roguey, nicolae_shoals_entry_flooding, serial_bayou_shore_a,
          uniq_gastronok
Lair:4:   layout_small_grid, minmay_slime_entry_jelly_boxes,
          serial_bayou_lagoon_a, serial_bayou_shore_b, uniq_rupert
Lair:5:   evilmike_catoblepas_cave, layout_regular_city, lemuel_oklob_altar,
          grunt_megastairs_2
Snake:1:  layout_gridlike, serial_shops, shop, hangedman_snake_pattern,
          uniq_asterion
Orc:1:    layout_caves, basic_altar
Orc:2:    st_orc_rangers, layout_diamond_mine

Skill      XL: |  1  2  3  4  5  6  7  8  9 10 11 12 13 14 15 16 |
---------------+-------------------------------------------------+-----
Shields        | 3 4 5 6 7 8 9 10 11 12 | 12.7
Unarmed Combat | 3 4 5 6 7 9 11 12 14 15 17 18 | 18.6
Dodging        | 3 4 5 6 7 8 9 10 11 | 11.7
Fighting       | 3 4 5 6 7 8 9 10 11 | 11.6
Evocations     | 1 2 |  2.4
Stealth        | |  0.1

Action                     |  1- 3 |  4- 6 |  7- 9 | 10-12 | 13-15 | 16-18 || total
---------------------------+-------+-------+-------+-------+-------+-------++-------
  Melee: Unarmed           |    58 |   148 |   298 |   676 |  1494 |   127 ||  2801
  Throw: Dart              |       |       |       |     7 |     4 |       ||    11
         Boomerang         |       |       |       |       |     5 |       ||     5
 Invoke: Serpent's Lash    |       |       |       |     1 |     3 |     1 ||     5
         Heavenly Storm    |       |       |       |       |     1 |       ||     1
Ability: Lunge             |       |       |    11 |    54 |   121 |     5 ||   191
         Whirlwind         |       |       |       |   165 |   505 |    16 ||   686
         Wall Jump         |       |       |       |     2 |    12 |     1 ||    15
         Evoke Blink       |       |       |       |       |     1 |       ||     1
  Evoke: Wand              |       |       |       |     1 |     4 |       ||     5
         Box of beasts     |       |       |       |       |     1 |       ||     1
         Phantom mirror    |       |       |       |       |     1 |       ||     1
    Use: Potion            |       |     2 |     1 |       |     1 |       ||     4
         Scroll            |       |       |    12 |     4 |     6 |       ||    22
   Stab: Sleeping          |       |     1 |     1 |       |       |       ||     2
 Armour: Robe              |    35 |    66 |   178 |    22 |       |       ||   301
         Acid dragon scale |       |       |       |   262 |   511 |       ||   773
         Steam dragon scal |       |       |       |       |    55 |    61 ||   116
  Dodge: Dodged            |    21 |    56 |   125 |   197 |   358 |    37 ||   794
  Block: Kite shield       |    20 |    52 |   198 |   255 |   519 |    54 ||  1098
